 Dungeon Crawl Stone Soup version 0.31-a0-626-g8143ab4f1d (webtiles) character file.

Game seed: 14086189529801663277

12341 kae the Grappler (level 11, -7/92 HPs)
             Began as a Pale Draconian Shapeshifter on Aug 24, 2023.
             Was an Initiate of Ru.
             Mangled by a death yak (16 damage)
             ... on level 1 of the Lair of Beasts.
             The game lasted 00:13:06 (10075 turns).

kae the Grappler (Pale Draconian Shapeshifter)     Turns: 10075, Time: 00:13:07

Health: -7/92      AC: 11    Str: 17    XL:     11   Next: 61%
Magic:  11/11      EV: 15    Int:  9    God:    Ru [......]
Gold:   504        SH:  5    Dex: 16    Spells: 10/10 levels left

rFire   . .          .
                       - Unarmed
rCold   . . .        (no shield)
rNeg    + . .        (body armour unavailable)
rPois   .            (helmet restricted)
rElec   .            (no cloak)
rCorr   .            (no gloves)
SInv    .            (no boots)
Will    .....        l - amulet of reflection
Stlth   +            O - +4 ring of protection
HPRegen 0.35/turn    n - ring of positive energy
MPRegen 0.12/turn

%: reflection
@: short of breath, maw-form
A: devouring maw, breathe steam, AC +7, unfitting armour, cold-blooded, steam
resistance
a: Breathe Steam, Begin Untransformation, Renounce Religion, Sacrifice a Hand,
Sacrifice Purity, Sacrifice Words, Reject Sacrifices


You were on level 1 of the Lair of Beasts.
You worshipped Ru.
Ru was noncommittal.
You were a creature with a mouth for a stomach.
You visited 3 branches of the dungeon, and saw 12 of its levels.

You collected 504 gold pieces.


Innate Abilities, Weirdness & Mutations

You are a creature with a mouth for a stomach.
Your midsection houses a second, enormous mouth.
You can breathe blasts of scalding, opaque steam.
Your pale cyan-grey scales are hard. (AC +7)
You cannot fit into any form of body armour.
You are cold-blooded and may be slowed by cold attacks.
You are immune to the effects of steam.


   Skills:
 - Level 7.0 Fighting
 + Level 6.9 Dodging
 + Level 11.3 Unarmed Combat
 + Level 11.3 Shapeshifting


You had 10 spell levels left.
You didn't know any spells.
Your spell library contained the following spells:

 Spells                   Type           Power      Damage    Failure   Level
 Sandblast                Erth           0%         2d4       38%         1
 Cigotuvi's Dreadful Rot  Necr/Pois/Air  0%         N/A       52%         2
 Passwall                 Tmut/Erth      0%         N/A       52%         2
 Portal Projectile        Hex/Tloc       0%         N/A       77%         3
 Stone Arrow              Conj/Erth      0%         3d7       77%         3
 Tukima's Dance           Hex            0%         N/A       77%         3
 Dispel Undead            Necr           0%         3d6       99%         4
 Iskenderun's Mystic Bla  Conj/Tloc      0%         2d3       99%         4
 Death Channel            Necr           0%         N/A       100%        6
 Lehudib's Crystal Spear  Conj/Erth      0%         10d2      100%        8
 Animate Armour           Summ/Erth      Unusable   N/A       N/A         4

Inventory:

Missiles
 f - 82 stones
 j - 2 silver javelins
 m - 32 poisoned darts
 o - 9 boomerangs
 p - 8 curare-tipped darts {=f}
 u - 4 javelins
 D - 2 atropa-tipped darts
Magical Staves
 v - a staff of cold {!a}
   (You found it on level 9 of the Dungeon)
Jewellery
 l - an amulet of reflection (around neck)
   (You found it on level 6 of the Dungeon)
 n - a ring of positive energy (right hand)
   (You found it on level 8 of the Dungeon)
 O - a +4 ring of protection (left hand)
   (You found it on level 2 of the Dungeon)
 W - a ring of magical power
   (You found it on level 10 of the Dungeon)
 Z - a ring of wizardry
   (You found it on level 3 of the Dungeon)
Talismans
 b - a beast talisman
 z - a flux talisman
 N - a maw talisman (active)
   (You found it on level 2 of the Dungeon)
Wands
 c - a wand of charming (3)
   (You took it off Maurice on level 9 of the Dungeon)
 t - a wand of acid (7)
   (You took it off an orc priest on level 7 of the Dungeon)
 x - a wand of mindburst (10)
   (You found it on level 8 of the Dungeon)
 y - a wand of polymorph (10)
   (You took it off Erica on level 8 of the Dungeon)
 B - a wand of flame (3)
   (You found it on level 9 of the Dungeon)
 F - a wand of digging (4)
   (You found it on level 10 of the Dungeon)
 H - a wand of roots (6)
   (You found it on level 10 of the Dungeon)
Scrolls
 d - 2 scrolls of vulnerability {!r!r}
 e - 5 scrolls of enchant weapon
 i - 2 scrolls of fear
 k - 6 scrolls of teleportation {@r4}
 w - a scroll of poison {!r}
 A - 2 scrolls of identify {@r1}
 I - a scroll of fog
Potions
 a - 4 potions of curing {@q1}
 g - 2 potions of invisibility
 h - 3 potions of lignification {!q}
 q - a potion of attraction {!q}
 r - a potion of enlightenment
 s - 2 potions of heal wounds {@q2}
 C - a potion of brilliance
 E - a potion of haste {@q3}
 G - a potion of might

Dungeon Overview and Level Annotations

Branches:
Dungeon (10/15) Zot: 25654  Temple (1/1) D:6 Zot: 5998    Lair (1/5) D:8 Zot: 5853
    Orc: D:9-12

Altars:
Ashenzari
Cheibriados
Dithmenos
Elyvilon
Fedhas
Gozag
Hepliaklqana
Kikubaaqudgha
Makhleb
Nemelex Xobeh
Okawaru
Qazlal
Ru
Sif Muna
Trog
Uskayaw
Vehumet
Wu Jian
Xom
Yredelemnul
Zin
The Shining One

Shops:
D:5 =

Annotations:
D:4 2 runed translucent doors, exclusions: orc and scorpion, Crazy Yiuf; Edmund; anoamas321's ghost, amateur GrEE
D:10 exclusion: upstairs

#............8.>.8
##..####....#....
##. ##...##.8. #.
#....# ##. ##...##
P#..## #.....#
......# ####..#
.......####...#
.......WYY....#
......######.##
##... ###.#.###
#... #.......##
##. #.......P# #
#...$...##
#..####Y#
#.#~~~#.#
...#~~~#.#


You could see 2 death yaks.


Message History

You kill the death yak! 😮 HP[+19]
You regained 19 hp, and now have 62/92 hp.
Unknown command.
You start resting.
You have got your breath back. 😕 HP[+16]
You regained 16 hp, and now have 78/92 hp.
You start resting.
A death yak is nearby! 😕 HP[+3]
You regained 3 hp, and now have 81/92 hp.
The death yak bellows! 😕 HP[+1]
Aiming: Breathe Steam (1% risk of failure)
Press: ? - help, Q - select action, (/) - cycle Shift-Dir - straight line, f - death yak
Aim: a death yak (91% to hit)
You exhale a blast of scalding steam.
You hear a bellow!
You pummel the death yak!!
You tail-slap the death yak, but do no damage.
You bite the death yak.
You hear a bellow!
The death yak is engulfed in a cloud of scalding steam.
The death yak completely misses you. 😕 HP[+1]
You barely miss the death yak.
You tail-slap the death yak, but do no damage.
Your bite misses the death yak. You punch the death yak!
You tail-slap the death yak, but do no damage.
Your bite misses the death yak.
The death yak is engulfed in a cloud of scalding steam.
You block the death yak's attack.
Unknown command.
The death yak bellows!
You punch the death yak! Your bite misses the death yak.
The death yak barely misses you. 😕 HP[+1]
You hit the death yak. You punch the death yak. You bite the death yak.
You block the death yak's attack.
You punch the death yak!
You kill the death yak!
You hit the death yak but do no damage. You bite the death yak.
The death yak gores you but does no damage.
You hit the death yak. You bite the death yak! 😕 HP[+1]
You completely miss the death yak. You bite the death yak.
The death yak gores you! 😕 HP[-14]
You take 14 damage, and now have 71/92 hp.
You hit the death yak but do no damage. The death yak barely misses you.
You hit the death yak. The death yak gores you! 😮 HP[-8]
You take 8 damage, and now have 63/92 hp.
You hit the death yak but do no damage. You tail-slap the death yak.
Your bite misses the death yak. The death yak gores you!!
* * * LOW HITPOINT WARNING * * *
😨 HP[-18]
You take 18 damage, and now have 45/92 hp.
Unknown command.
You punch the death yak! You bite the death yak!
Unknown command.
You hit the death yak.
You tail-slap the death yak, but do no damage.
You bite the death yak. The death yak gores you!
* * * LOW HITPOINT WARNING * * *
😨 HP[-14]
You take 14 damage, and now have 31/92 hp.
Unknown command.
You punch the death yak!
You bite the death yak, but do no damage.
The death yak misses you. 😨 HP[+1] Unknown command.
You hit the death yak. You tail-slap the death yak. You bite the death yak.
The death yak closely misses you.
Unknown command.
You hit the death yak but do no damage. You tail-slap the death yak.
You punch the death yak, but do no damage.
Your bite misses the death yak.
Unknown command.
You hit the death yak but do no damage.
You tail-slap the death yak, but do no damage.
You punch the death yak, but do no damage.
You bite the death yak. The death yak gores you!
* * * LOW HITPOINT WARNING * * *
😱 HP[-11]
You take 11 damage, and now have 21/92 hp.
Unknown command.
You hit the death yak but do no damage. You bite the death yak.
The death yak gores you!
* * * LOW HITPOINT WARNING * * *
😱 HP[-12]
You take 12 damage, and now have 9/92 hp.
Unknown command.
You hit the death yak but do no damage.
You tail-slap the death yak, but do no damage.
Your bite misses the death yak. The death yak gores you!
You die...

Skill      XL: |  1  2  3  4  5  6  7  8  9 10 11 |
---------------+----------------------------------+-----
Dodging        | 2 3 4 5 6 |  6.9
Fighting       | 2 3 4 5 6 7 |  7.0
Shapeshifting  | 4 5 6 8 10 11 | 11.3
Unarmed Combat | 4 5 6 8 10 11 | 11.3

Action                     |  1- 3 |  4- 6 |  7- 9 | 10-12 || total
---------------------------+-------+-------+-------+-------++-------
  Melee: Unarmed           |   115 |   148 |   226 |   229 ||   718
         Tailslap          |     8 |    12 |    48 |    44 ||   112
         Punch             |     3 |     5 |       |    25 ||    33
         Maw               |       |       |       |    88 ||    88
Ability: Breathe Steam     |       |       |    25 |    13 ||    38
    Use: Potion            |     1 |     5 |       |       ||     6
         Scroll            |       |     9 |     3 |     7 ||    19
   Stab: Sleeping          |     1 |     1 |       |       ||     2
         Confused          |       |       |       |     1 ||     1
 Armour: Skin              |    42 |    51 |    59 |    57 ||   209
  Dodge: Dodged            |    60 |    66 |   152 |   100 ||   378
  Block: Other             |       |       |    30 |    34 ||    64
         Reflection        |       |       |     2 |     1 ||     3
   Form: Flux              |       |     1 |       |       ||     1
         Maw               |       |       |       |     1 ||     1

Levels and vault maps discovered:
D:1:      minmay_arrival_diagonal_passages, layout_rooms, serial_bayou_lagoon_b
D:2:      minmay_kobold_bridge, layout_basic, uniq_robin
D:3:      layout_basic, mainiacjoe_overflow_surrounded_room
D:4:      layout_basic, lemuel_tele_altar, ebering_ghost_sewer_d, uniq_menkaure,
          uniq_crazy_yiuf_cottage, uniq_edmund
D:5:      layout_loops_corners, mainiacjoe_overflow_brackets,
          nemelex_spade_bored_becter, nicolae_gozag_seed_capital, serial_shops,
          shop, lemuel_flame_loot_1, uniq_blork_the_orc
D:6:      layout_loops_ring, lemuel_crystal_altar, minmay_temple_entry_arrows
D:7:      layout_basic, gammafunk_temple_overflow_elements,
          roderic_cross_of_infinity, uniq_maggie
D:8:      layout_rooms, mainiacjoe_overflow_boulevard,
          nicolae_hepliaklqana_hazy_memory,
          chequers_temple_overflow_statue_of_worship, dpeg_oklobed_lair,
          uniq_joseph, uniq_erica
D:9:      cheibrodos_iron_armory, layout_long_grid,
          nicolae_uskayaw_dance_studio, nicolae_dithmenos_shadow_blocks,
          uniq_maurice
D:10:     layout_basic, slow_altar_2
Temple:   nicolae_temple_bog_church
Lair:1:   layout_gridlike, grunt_megastairs_3

Notes
Turn   | Place    | Note
-------+----------+-------------------------------------------
     0 | D:1      | kae the Draconian Shapeshifter began the quest for the Orb.
     0 | D:1      | Reached XP level 1. HP: 16/16 MP: 1/1
     0 | D:1      | magus.rc [v1.11.3]
   147 | D:1      | Reached XP level 2. HP: 21/23 MP: 2/2
   180 | D:1      | Reached skill level 2 in Dodging
   221 | D:1      | You pick up a book of Armaments and begin reading...
   221 | D:1      | You add the spells Stone Arrow and Lehudib's Crystal Spear
                  | to your library.
   696 | D:2      | Noticed Robin
   702 | D:2      | Reached XP level 3. HP: 29/29 MP: 3/3
   710 | D:2      | Killed Robin
   725 | D:2      | Reached skill level 2 in Fighting
   849 | D:2      | Reached XP level 4. HP: 34/36 MP: 4/4
   952 | D:2      | Identified the +3 leather armour "Tulest" {Int+2}
  1024 | D:2      | HP: 7/37 [gnoll/+0 whip (7)]
  1025 | D:2      | HP: 3/37 [gnoll/+0 whip (4)]
  1546 | D:3      | Found a broken altar of Ashenzari.
  1643 | D:3      | Reached skill level 4 in Shapeshifting
  1643 | D:3      | Reached XP level 5. HP: 42/42 MP: 5/5
  2146 | D:4      | Reached skill level 3 in Fighting
  2146 | D:4      | Reached skill level 4 in Unarmed Combat
  2190 | D:4      | Reached XP level 6. HP: 47/51 MP: 6/6
  2257 | D:4      | Reached skill level 3 in Dodging
  2332 | D:4      | Noticed Menkaure
  2351 | D:4      | Killed Menkaure
  2510 | D:4      | Noticed Edmund
  2662 | D:4      | Reached skill level 5 in Shapeshifting
  2764 | D:4      | Your scales start taking on a pale cyan-grey colour.
  2764 | D:4      | Reached XP level 7. HP: 47/58 MP: 7/7
  2764 | D:4      | Gained mutation: You are immune to the effects of steam.
                  | [Pale Draconian growth]
  2817 | D:4      | Found a runed translucent door.
  2820 | D:4      | Noticed anoamas321's ghost (amateur GrEE)
  2911 | D:4      | Found a shimmering blue altar of Sif Muna.
  3027 | D:4      | Reached skill level 4 in Fighting
  3172 | D:4      | Found a runed translucent door.
  3173 | D:4      | Noticed Crazy Yiuf
  3211 | D:5      | Entered Level 5 of the Dungeon
  3522 | D:5      | Found a white marble altar of Elyvilon.
  3530 | D:5      | Noticed Blork the orc
  3556 | D:5      | Killed Blork the orc
  3678 | D:5      | Found an opulent altar of Gozag.
  3775 | D:5      | Reached skill level 4 in Dodging
  3819 | D:5      | Reached skill level 5 in Unarmed Combat
  3819 | D:5      | Reached skill level 6 in Shapeshifting
  3881 | D:5      | You pick up a book of Weapons and begin reading...
  3881 | D:5      | You add the spells Tukima's Dance, Portal Projectile and
                  | Iskenderun's Mystic Blast to your library.
  3900 | D:5      | Found a sparkling altar of Nemelex Xobeh.
  3979 | D:5      | Found Ufuot's Jewellery Boutique.
  3990 | D:5      | You pick up a book of Geomancy and begin reading...
  3990 | D:5      | You add the spells Sandblast and Passwall to your library.
  4547 | D:6      | Found a staircase to the Ecumenical Temple.
  4554 | Temple   | Entered the Ecumenical Temple
  4750 | D:6      | Found a bloodstained altar of Trog.
  4760 | D:6      | Reached XP level 8. HP: 56/67 MP: 8/8
  5237 | D:7      | Reached skill level 5 in Fighting
  5252 | D:7      | Noticed Maggie
  5273 | D:7      | Killed Maggie
  5274 | D:7      | Reached skill level 6 in Unarmed Combat
  5274 | D:7      | Reached skill level 7 in Shapeshifting
  5443 | D:7      | Reached skill level 8 in Shapeshifting
  5486 | D:7      | Found a sacrificial altar of Ru.
  5486 | D:7      | Found a basalt altar of Yredelemnul.
  5521 | D:7      | Reached XP level 9. HP: 73/74 MP: 9/9
  5597 | D:7      | Became a worshipper of Ru the Awakened
  6238 | D:8      | Found a hazy altar of Hepliaklqana.
  6255 | D:8      | Reached skill level 7 in Unarmed Combat
  6263 | D:8      | Reached skill level 9 in Shapeshifting
  6455 | D:8      | Found a burning altar of Makhleb.
  6507 | D:8      | Reached skill level 8 in Unarmed Combat
  6507 | D:8      | Reached skill level 10 in Shapeshifting
  6528 | D:8      | Found a radiant altar of Vehumet.
  6581 | D:8      | Found an ancient bone altar of Kikubaaqudgha.
  6655 | D:8      | Found a staircase to the Lair.
  7017 | D:8      | Noticed Joseph
  7029 | D:8      | Killed Joseph
  7030 | D:8      | Reached XP level 10. HP: 35/81 MP: 10/10
  7048 | D:8      | Noticed Erica
  7198 | D:8      | Killed Erica
  7199 | D:8      | Reached skill level 9 in Unarmed Combat
  7703 | D:9      | Noticed Maurice
  7768 | D:9      | Killed Maurice
  8059 | D:9      | Found a shadowy altar of Dithmenos.
  8077 | D:9      | Reached skill level 10 in Unarmed Combat
  8087 | D:9      | Reached skill level 6 in Fighting
  8094 | D:9      | Noticed a two-headed ogre
  8102 | D:9      | Killed a two-headed ogre
  8103 | D:9      | Reached skill level 5 in Dodging
  8343 | D:9      | Found a hide-covered altar of Uskayaw.
  8562 | D:10     | Entered Level 10 of the Dungeon
  8661 | D:10     | Reached XP level 11. HP: 89/91 MP: 11/11
  8977 | D:10     | Reached skill level 7 in Fighting
  9210 | D:10     | Found a snail-covered altar of Cheibriados.
  9370 | D:10     | You pick up a book of Decay and begin reading...
  9370 | D:10     | You add the spells Cigotuvi's Dreadful Rot, Dispel Undead
                  | and Death Channel to your library.
  9485 | D:10     | Reached skill level 6 in Dodging
  9531 | D:10     | HP: 21/92 [rust devil (12)]
  9755 | D:9      | Reached skill level 11 in Unarmed Combat
  9755 | D:9      | Reached skill level 11 in Shapeshifting
  9779 | D:9      | Identified the +1 chain mail of the Mind {Slay+3}
  9919 | Lair:1   | Entered Level 1 of the Lair of Beasts
  9936 | Lair:1   | Noticed a death yak
  9956 | Lair:1   | Killed a death yak
  9962 | Lair:1   | Noticed a death yak
  9964 | Lair:1   | Noticed a death yak
  9964 | Lair:1   | Noticed a death yak
  9964 | Lair:1   | Noticed a death yak
  9997 | Lair:1   | Killed a death yak
 10061 | Lair:1   | Killed a death yak
 10073 | Lair:1   | HP: 21/92 [death yak (11)]
 10074 | Lair:1   | HP: 9/92 [death yak (13)]
 10075 | Lair:1   | Mangled by a death yak

Vanquished Creatures
  A two-headed ogre (D:9)
  Erica (D:8)
  3 death yaks (Lair:1)
  Maurice (D:9)
  2 rust devils
  Maggie (D:7)
  Joseph (D:8)
  A black mamba (Lair:1)
  2 kobold demonologists (D:10)
  A komodo dragon (D:10)
  A troll (D:10)
  A wraith (D:10)
  A wyvern (D:9)
  13 yaks
  A steam dragon (D:9)
  Menkaure (D:4)
  An acid dragon (D:10)
  A water moccasin (D:8)
  4 orc warriors
  2 black bears
  An ogre (D:6)
  4 centaurs
  5 kobold brigands
  A bullfrog (D:7)
  Blork the orc (D:5)
  2 scorpions (D:4)
  15 wights
  14 killer bees (D:9)
  3 howler monkeys
  5 orc priests
  2 hounds
  An iron imp (D:10)
  3 jellies
  6 iguanas
  6 orc wizards
  Robin (D:2)
  6 gnolls
  4 adders
  A white imp (D:6)
  An ufetubus (D:5)
  2 dart slugs
  36 orcs
  11 ball pythons
  7 endoplasms
  4 giant cockroaches
  15 goblins
  7 hobgoblins
  12 jackals
  22 kobolds
  A quokka (D:1)
  3 bats
  5 frilled lizards
  3 rats
250 creatures vanquished.

Table legend:
 A = Non-vault XP
 B = Vault XP
 C = Vault XP percentage of total XP
 D = Non-vault monster count
 E = Vault monster count
 F = Vault count percentage of total count
                 A         B        C        D         E       F
            +---------+---------+-------+---------+---------+-------
      Total |   13836 |    3795 |  21.5 |     220 |      30 |  12.0
            +---------+---------+-------+---------+---------+-------
        D:1 |      31 |       0 |   0.0 |      20 |       0 |   0.0
        D:2 |      88 |      42 |  32.3 |      24 |      16 |  40.0
        D:3 |      84 |       0 |   0.0 |      18 |       0 |   0.0
        D:4 |     550 |     165 |  23.1 |      27 |       1 |   3.6
        D:5 |     307 |      90 |  22.7 |      16 |       1 |   5.9
        D:6 |     322 |       0 |   0.0 |       8 |       0 |   0.0
        D:7 |    1213 |     443 |  26.8 |      21 |       1 |   4.5
        D:8 |    2037 |    1253 |  38.1 |      34 |       2 |   5.6
        D:9 |    2930 |    1038 |  26.2 |      26 |       5 |  16.1
       D:10 |    3408 |     764 |  18.3 |      22 |       4 |  15.4
     Lair:1 |    2866 |       0 |   0.0 |       4 |       0 |   0.0
            +---------+---------+-------+---------+---------+-------

Skill      XL: |  1  2  3  4  5  6  7  8  9 10 11 |
---------------+----------------------------------+-----
Dodging        | 2 3 4 5 6 |  6.9
Fighting       | 2 3 4 5 6 7 |  7.0
Shapeshifting  | 4 5 6 8 10 11 | 11.3
Unarmed Combat | 4 5 6 8 10 11 | 11.3

Action                     |  1- 3 |  4- 6 |  7- 9 | 10-12 || total
---------------------------+-------+-------+-------+-------++-------
  Melee: Unarmed           |   115 |   148 |   226 |   229 ||   718
         Tailslap          |     8 |    12 |    48 |    44 ||   112
         Punch             |     3 |     5 |       |    25 ||    33
         Maw               |       |       |       |    88 ||    88
Ability: Breathe Steam     |       |       |    25 |    13 ||    38
    Use: Potion            |     1 |     5 |       |       ||     6
         Scroll            |       |     9 |     3 |     7 ||    19
   Stab: Sleeping          |     1 |     1 |       |       ||     2
         Confused          |       |       |       |     1 ||     1
 Armour: Skin              |    42 |    51 |    59 |    57 ||   209
  Dodge: Dodged            |    60 |    66 |   152 |   100 ||   378
  Block: Other             |       |       |    30 |    34 ||    64
         Reflection        |       |       |     2 |     1 ||     3
   Form: Flux              |       |     1 |       |       ||     1
         Maw               |       |       |       |     1 ||     1

Illustrated notes

Table legend:
 A = Kills in this place as a percentage of kills in the entire game.
 B = Kills by you in this place as a percentage of kills by you in the entire game.
 C = Kills by friends in this place as a percentage of kills by friends in the entire game.
 D = Other kills in this place as a percentage of other kills in the entire game.
 E = Experience gained in this place as a percentage of experience gained in the entire game.
 F = Experience gained in this place divided by the number of levels of this place that you have seen.
                   A       B       C       D       E      F
               +-------+-------+-------+-------+-------+----------------------
         Total | 100.0 | 100.0 |   N/A |   N/A | 100.0 | 1469.2
       Dungeon |  98.4 |  98.4 |   N/A |   N/A |  83.7 | 1476.5
          Lair |   1.6 |   1.6 |   N/A |   N/A |  16.3 | 2866.0
               +-------+-------+-------+-------+-------+----------------------

Table legend: (Time is in decaauts)
 A = Elapsed time spent in this place.
 B = Non-inter-level travel time spent in this place.
 C = Inter-level travel time spent in this place.
 D = Time resting spent in this place.
 E = Time spent auto-exploring this place.
 F = Levels seen in this place.
 G = Mean time per level.
                   A        B        C        D        E       F      G
               +--------+--------+--------+--------+--------+-----+--------+
         Total |  10019 |   9504 |    515 |    899 |   6903 |  12 |  834.9 |
       Dungeon |   9871 |   9358 |    513 |    844 |   6890 |  10 |  987.1 |
        Temple |      1 |      0 |      1 |      0 |      0 |   1 |    1.0 |
          Lair |    146 |    146 |      0 |     55 |     13 |   1 |  146.0 |
               +--------+--------+--------+--------+--------+-----+--------+

Top non-repeatable levels by time:
     D:9: 1275 daAuts
     D:7: 1198 daAuts
     D:8: 1196 daAuts
    D:10: 1186 daAuts
     D:4: 1155 daAuts
     D:5: 1122 daAuts
     D:2: 911 daAuts
     D:6: 681 daAuts
     D:1: 624 daAuts
     D:3: 519 daAuts
  Lair:1: 146 daAuts
  Temple: 1 daAuts
